 Dungeon Crawl Stone Soup version 0.23-a0-143-g1adec7b (webtiles) character file.

22516 Ijustatesigmund the Cleaver (level 12, -1/127 HPs)
             Began as a Deep Dwarf Fighter on Sept 5, 2018.
             Was a High Priest of Makhleb.
             Slain by a phantasmal warrior (12 damage)
             ... on level 13 of the Dungeon.
             The game lasted 00:49:11 (11523 turns).

Ijustatesigmund the Cleaver (Deep Dwarf Fighter)   Turns: 11523, Time: 00:49:12

Health: -1/127     AC: 19    Str: 20    XL:     12   Next: 63%
Magic:  16/16      EV: 16    Int: 10    God:    Makhleb [*****.]
Gold:   1108       SH: 12    Dex: 18    Spells: 11/11 levels left

rFire    . . .     SeeInvis .   h - +3 war axe
rCold    . . .     Gourm    .   c - +1 shield
rNeg     . . .     Faith    .   b - +0 acid dragon scales
rPois    .         Spirit   .   w - +2 helmet
rElec    .         Reflect  .   o - +2 cloak
rCorr    +         Harm     .   P - +2 pair of gloves
MR       +....     Rnd*Rage +   N - +0 pair of boots
Stlth    +.........             (no amulet)
HPRegen  0.00/turn              x - ring of flight
MPRegen  0.15/turn              G - ring of protection from magic

@: about to teleport, vulnerable, non-regenerating
A: damage resistance, heal wounds, hooves 1, agile 1, berserk 1, sense
surroundings 2, robust 1, no regeneration
a: Heal Wounds, Minor Destruction, Lesser Servant of Makhleb, Major Destruction,
Greater Servant of Makhleb, Renounce Religion, Evoke Flight


You were on level 13 of the Dungeon.
You worshipped Makhleb.
Makhleb was extremely pleased with you.
You were hungry.

You visited 2 branches of the dungeon, and saw 14 of its levels.
You also visited: Ossuary.

You collected 1108 gold pieces.

Inventory:

Hand Weapons
 d - a +4 morningstar
 h - a +3 war axe (weapon)
Armour
 b - +0 acid dragon scales (worn)
 c - a +1 shield (worn)
 o - a +2 cloak (worn)
 w - a +2 helmet (worn)
 N - a +0 pair of boots (worn)
 P - a +2 pair of gloves (worn)
Jewellery
 j - an uncursed ring of ice
 q - an uncursed ring of fire
 x - a ring of flight (left hand)
 G - a ring of protection from magic (right hand)
Wands
 u - a wand of disintegration (8)
 v - a wand of polymorph (32)
 z - a wand of flame (29)
 L - a wand of enslavement (6)
 M - a wand of paralysis (14)
 O - a wand of acid (4)
 Q - a wand of random effects (11)
Scrolls
 n - 4 scrolls of amnesia
 p - 4 scrolls of remove curse
 r - a scroll of magic mapping
 B - a scroll of teleportation
 F - 2 scrolls of blinking
 H - 3 scrolls of immolation
 J - 3 scrolls of enchant weapon
Potions
 e - 9 potions of curing
 g - 3 potions of heal wounds
 i - a potion of magic
 k - a potion of haste
 l - 3 potions of lignification
 m - a potion of brilliance
 s - 3 potions of flight
 t - a potion of berserk rage
 C - 2 potions of invisibility
 D - a potion of resistance
 E - 4 potions of ambrosia
 I - a potion of might
 K - a potion of mutation
Comestibles
 f - 27 rations


   Skills:
 - Level 10.1 Fighting
 - Level 11.9 Axes
 + Level 7.6 Armour
 + Level 8.4 Dodging
 + Level 7.7 Shields
 - Level 10.8 Invocations
 - Level 6.1 Evocations


You had 11 spell levels left.
You didn't know any spells.
Your spell library contained the following spells:

 Spells                   Type           Power        Failure   Level  Hunger
 Flame Tongue             Conj/Fire      #....        77%         1    ##.....
 Summon Small Mammal      Summ           #...         77%         1    ##.....
 Call Imp                 Summ           #.......     88%         2    ###....
 Throw Flame              Conj/Fire      #.....       88%         2    ###....
 Call Canine Familiar     Summ           #.......     98%         3    ####...
 Conjure Flame            Conj/Fire      #.......     98%         3    ####...
 Inner Flame              Hex/Fire       #.......     98%         3    ####...
 Summon Guardian Golem    Hex/Summ       #.......     98%         3    ####...
 Sticky Flame             Conj/Fire      #.......     100%        4    #####..
 Summon Ice Beast         Ice/Summ       #.......     100%        4    #####..
 Summon Lightning Spire   Summ/Air       #.......     100%        4    #####..
 Fireball                 Conj/Fire      #.........   100%        5    ######.


Dungeon Overview and Level Annotations

Branches:
Dungeon (13/15)            Temple (1/1) D:6            Lair (0/6) D:10
    Orc (0/2) D:10
 Vaults: D:13-14

Altars:
Ashenzari
Cheibriados
Dithmenos
Fedhas
Hepliaklqana
Kikubaaqudgha
Makhleb
Nemelex Xobeh
Okawaru
Qazlal
Ru
Sif Muna
Trog
Uskayaw
Vehumet
Wu Jian
Yredelemnul
Zin
The Shining One

Shops:
D:6 %


Innate Abilities, Weirdness & Mutations

You are resistant to damage.
You can heal yourself by infusing magical energy.
You passively map the area around you.
You do not regenerate.
You have large cloven feet.
You are agile. (Dex +2)
You tend to lose your temper in combat.
You are robust. (+10% HP)


Message History

The tengu reaver is moderately wounded.
The bolt of acid hits the centaur warrior.
The centaur warrior is splashed with acid.
The acid corrodes the centaur warrior!
The centaur warrior is moderately wounded.
The phantasmal warrior hits you!
* * * LOW HITPOINT WARNING * * *
The phantasmal warrior blinks!
As you read the scroll of teleportation, it crumbles to dust.
You feel strangely unstable.
The tengu reaver hits you from afar with a bardiche!
* * * LOW HITPOINT WARNING * * *
The phantasmal warrior hits you but does no damage.
The phantasmal warrior hits you!
* * * LOW HITPOINT WARNING * * *
You feel much better. You block the tengu reaver's attack.
The phantasmal warrior hits you!!
* * * LOW HITPOINT WARNING * * *
The phantasmal warrior hits you!
You die...

, , **, *** * * .8 **
* *.., , ,,, ,, * ,
###9 , * (#*
##########, 8 #c
#........## , * #Q ,
,###......'. *
###W#######........#.
#..W@(..#.......##.#.
#..#.#..#.......##.#.
#..#.#..#.......##.#.
#...)##.#.....<....##
#.....#.###......###
#.....'...#...##.#
#.....#...#......#
#.....#####......#*
#.............####


You could see a tengu reaver, a centaur warrior, 2 phantasmal warriors, a
gargoyle and a battlesphere.

Vanquished Creatures
  5 skeletal warriors (D:12)
  Pikel (D:6)
  An orc knight (D:7)
  3 ugly things
  A deep elf mage (D:13)
  2 cyclopes
  Psyche (D:8)
  2 centaur skeletons
  A kobold demonologist (D:13)
  A hornet (D:10)
  5 hippogriffs
  Sigmund (D:4)
  2 wyverns
  Eustachio (D:4)
  A wraith (D:11)
  2 basilisks (D:10)
  4 hogs (D:7)
  Grum (D:10)
  8 yaks
  A human (D:7)
  2 vampire mosquitoes (D:12)
  14 wargs (D:7)
  An acid dragon (D:11)
  A water moccasin (D:8)
  6 porcupines
  7 sky beasts
  2 black bears
  10 orc warriors
  A hornet zombie (D:10)
  A slave (D:6)
  4 ice beasts
  A necrophage (D:12)
  6 ogres
  5 phantoms
  4 wolves (D:10)
  7 centaurs
  3 crocodiles
  An elf zombie (Ossuary)
  3 big kobolds
  A bullfrog (D:10)
  2 gnoll sergeants
  3 scorpions
  A water moccasin skeleton (D:7)
  7 killer bees
  24 wights
  8 crimson imps
  4 jellies
  3 human zombies (Ossuary)
  3 centaur zombies
  9 orc priests
  A bullfrog zombie (D:8)
  4 hounds
  A quasit (D:6)
  2 bullfrog skeletons
  8 orc wizards
  6 iguanas
  Crazy Yiuf (D:3)
  Natasha (D:2)
  6 worker ants
  A killer bee zombie (D:5)
  A big kobold zombie (Ossuary)
  3 hound zombies
  3 hound skeletons
  3 mummies (Ossuary)
  15 adders
  14 gnolls
  4 shadow imps
  An ooze (D:1)
  11 adder zombies
  An adder skeleton (D:7)
  3 worms
  6 leopard geckos
  88 orcs
  2 ball pythons
  9 giant cockroaches
  4 gnoll zombies
  27 hobgoblins
  11 jackals
  5 quokkas
  A ball python skeleton (D:4)
  4 bats
  6 frilled lizards
  45 goblins
  A hobgoblin zombie (Ossuary)
  3 jackal zombies (Ossuary)
  19 kobolds
  5 kobold zombies (Ossuary)
  An orc zombie (Ossuary)
  5 quokka zombies (Ossuary)
  5 rats
  A rat zombie (Ossuary)
  A bush (D:4)
  2 plants
529 creatures vanquished.

Vanquished Creatures (others)
  2 bushes (D:10)
  7 fungi
  13 plants
22 creatures vanquished.

Grand Total: 551 creatures vanquished

Notes
Turn   | Place    | Note
-------+----------+-------------------------------------------
     0 | D:1      | Ijustatesigmund the Deep Dwarf Fighter began the quest for
                  | the Orb.
     0 | D:1      | Reached XP level 1. HP: 20/20 MP: 1/1
    25 | D:1      | Reached skill level 3 in Axes
    25 | D:1      | Reached XP level 2. HP: 27/27 MP: 2/2
   890 | D:2      | Reached XP level 3. HP: 33/33 MP: 3/3
  1008 | D:2      | Noticed an ice beast
  1011 | D:2      | Found a shadowy altar of Dithmenos.
  1019 | D:2      | Killed an ice beast
  1019 | D:2      | Reached skill level 4 in Axes
  1019 | D:2      | Reached XP level 4. HP: 42/42 MP: 4/4
  1286 | D:2      | Reached XP level 5. HP: 48/50 MP: 5/5
  1571 | D:3      | Noticed Natasha
  1583 | D:2      | Reached skill level 5 in Axes
  1600 | D:2      | Killed Natasha
  1851 | D:3      | Reached XP level 6. HP: 43/58 MP: 6/6
  1879 | D:3      | Found a faded altar of an unknown god.
  2043 | D:3      | Found a runed door.
  2047 | D:3      | Noticed Crazy Yiuf
  2050 | D:3      | Killed Crazy Yiuf
  2178 | D:3      | Found a deep blue altar of Sif Muna.
  2334 | D:3      | Reached skill level 6 in Axes
  2452 | D:4      | Found a transporter.
  2453 | D:4      | Found a hazy altar of Hepliaklqana.
  2561 | D:4      | Reached skill level 1 in Dodging
  2568 | D:4      | Noticed Eustachio
  2588 | D:4      | Killed Eustachio
  2588 | D:4      | Reached XP level 7. HP: 45/66 MP: 7/7
  2686 | D:4      | Found a blossoming altar of Fedhas.
  2775 | D:4      | Found a transporter.
  2977 | D:4      | Found a stormy altar of Qazlal.
  2991 | D:4      | Noticed Sigmund
  3027 | D:5      | Entered Level 5 of the Dungeon
  3112 | D:5      | Reached skill level 5 in Armour
  3112 | D:5      | Reached skill level 5 in Shields
  3129 | D:5      | Reached XP level 8. HP: 42/73 MP: 8/8
  3298 | D:5      | Reached skill level 5 in Fighting
  3756 | D:5      | Reached skill level 7 in Axes
  4444 | D:4      | Killed Sigmund
  4553 | D:6      | Gained mutation: You passively map the area around you.
                  | [Deep Dwarf growth]
  4553 | D:6      | Reached XP level 9. HP: 48/85 MP: 9/9
  4785 | D:6      | Reached skill level 8 in Axes
  4805 | D:6      | Reached skill level 1 in Evocations
  4832 | D:6      | Found a staircase to the Ecumenical Temple.
  4848 | Temple   | Entered the Ecumenical Temple
  4859 | Temple   | Became a worshipper of Makhleb the Destroyer
  4983 | D:6      | Reached skill level 1 in Invocations
  5266 | D:6      | Found Ceetupyi's Food Emporium.
  5419 | D:6      | Noticed Pikel
  5434 | D:6      | Killed Pikel
  5434 | D:6      | Reached skill level 9 in Axes
  5745 | D:7      | Reached skill level 5 in Evocations
  5757 | D:7      | Reached XP level 10. HP: 41/94 MP: 12/12
  5758 | D:7      | Reached * piety under Makhleb
  5767 | D:7      | Reached skill level 5 in Invocations
  5801 | D:7      | Noticed an orc knight
  5934 | D:7      | Found a hide-covered altar of Uskayaw.
  5984 | D:7      | Reached ** piety under Makhleb
  6002 | D:7      | Reached skill level 5 in Dodging
  6112 | D:7      | Reached skill level 10 in Axes
  6204 | D:7      | Found a sand-covered staircase.
  6213 | Ossuary  | Entered an ossuary
  6487 | Ossuary  | Reached *** piety under Makhleb
  6579 | Ossuary  | Gained mutation: You tend to lose your temper in combat.
                  | [potion of mutation]
  6579 | Ossuary  | Gained mutation: You are agile. (Dex +2) [potion of
                  | mutation]
  6579 | Ossuary  | Gained mutation: You have large cloven feet. [potion of
                  | mutation]
  6579 | Ossuary  | Gained mutation: You are robust. (+10% HP) [potion of
                  | mutation]
  6854 | D:7      | Killed an orc knight
  6879 | D:7      | Reached XP level 11. HP: 59/114 MP: 12/12
  7036 | D:7      | Reached **** piety under Makhleb
  7300 | D:8      | Found a snail-covered altar of Cheibriados.
  7354 | D:8      | Noticed Psyche
  7365 | D:8      | Killed Psyche
  8168 | D:9      | Found an ancient bone altar of Kikubaaqudgha.
  8337 | D:9      | Reached ***** piety under Makhleb
  8343 | D:9      | Found a basalt altar of Yredelemnul.
  8414 | D:9      | Found a radiant altar of Vehumet.
  8860 | D:10     | Entered Level 10 of the Dungeon
  8906 | D:10     | Found a staircase to the Orcish Mines.
  8932 | D:10     | Reached skill level 11 in Axes
  9106 | D:10     | Noticed Grum
  9108 | D:10     | Found a staircase to the Lair.
  9139 | D:10     | Killed Grum
  9141 | D:10     | Reached skill level 10 in Invocations
  9526 | D:11     | Reached skill level 10 in Fighting
  9770 | D:11     | Noticed a purple ugly thing
  9794 | D:11     | Killed a purple ugly thing
  9794 | D:11     | Reached XP level 12. HP: 107/127 MP: 14/16
 10805 | D:12     | Found a hazy altar of Hepliaklqana.
 10826 | D:12     | You fall through a shaft!
 11509 | D:13     | Noticed a centaur warrior
 11513 | D:13     | Noticed a tengu reaver
 11523 | D:13     | Slain by a phantasmal warrior

Vault maps used:
D:1:      giann_horns, minmay_misc_feat_doors
D:2:      grunt_dithmenos_smoke
D:3:      led_sif_book, first_ration, chequers_ecumenical_altar_simple_redux,
          corexii_leaking_fountain, uniq_natasha, uniq_crazy_yiuf_cottage
D:4:      grunt_temple_overflow_forces_of_nature,
          gammafunk_temple_overflow_arena, uniq_eustachio, uniq_sigmund
D:5:      minmay_goblin_kobold_castle
D:6:      temple_fountains, serial_shops, kennysheep_mini_moat, uniq_pikel
D:7:      lemuel_castle_with_subvaults, nicolae_overflow_crystal_walls,
          enter_ossuary_3, grunt_livestock
D:8:      cheibriados_altar_1, uniq_psyche
D:9:      wad_woods_stonehenge, yredelemnul_altar_generic, fiery_altar_vehumet
D:10:     minmay_lair_entry_grove, uniq_grum
D:12:     basic_altar
D:13:     minmay_guarded_unrand_guard, hangedman_vaults_entry_quadrant_bands,
          nicolae_two_hexagons
Temple:   cyrus_circular_temple
Ossuary:  minmay_ossuary_two_tombs

Skill      XL: |  1  2  3  4  5  6  7  8  9 10 11 12 |
---------------+-------------------------------------+-----
Axes           | 3 4 5 6 7 9 10 11 | 11.9
Fighting       | 3 4 6 7 8 10 | 10.1
Dodging        | 2 3 4 5 6 8 |  8.4
Armour         | 4 5 7 |  7.6
Shields        | 4 5 7 |  7.7
Evocations     | 5 6 |  6.1
Invocations    | 4 7 10 | 10.8

Action                   |  1- 3 |  4- 6 |  7- 9 | 10-12 || total
-------------------------+-------+-------+-------+-------++-------
Melee: War axe           |    71 |   191 |   512 |  1044 ||  1818
       Kick              |       |       |       |   223 ||   223
Invok: Lesser Servant of |       |       |       |     2 ||     2
       Major Destruction |       |       |       |     1 ||     1
 Abil: Heal Wounds       |       |     1 |     6 |     9 ||    16
Evoke: Wand              |       |       |     7 |    15 ||    22
  Use: Scroll            |     1 |     6 |     7 |    13 ||    27
       Potion            |     1 |       |     4 |     5 ||    10
 Stab: Invisible         |       |       |       |     3 ||     3
  Eat: Chunk             |       |     5 |     7 |    12 ||    24
       Ration            |       |       |     2 |     2 ||     4
Armor: Scale mail        |    35 |    97 |       |       ||   132
       Chain mail        |       |       |   208 |   327 ||   535
       Acid dragon scale |       |       |       |    77 ||    77
Dodge: Dodged            |    20 |    55 |   124 |   331 ||   530
Block: Shield            |    36 |   106 |   304 |   582 ||  1028

Table legend:
 A = Non-vault XP
 B = Vault XP
 C = Vault XP percentage of total XP
 D = Non-vault monster count
 E = Vault monster count
 F = Vault count percentage of total count
                 A         B        C        D         E       F
            +---------+---------+-------+---------+---------+-------
      Total |   20828 |   11338 |  35.2 |     323 |     202 |  38.5
            +---------+---------+-------+---------+---------+-------
        D:1 |      34 |       0 |   0.0 |      17 |       0 |   0.0
        D:2 |     262 |      33 |  11.2 |      22 |       1 |   4.3
        D:3 |     122 |      76 |  38.4 |      32 |       2 |   5.9
        D:4 |     402 |     470 |  53.9 |       7 |       7 |  50.0
        D:5 |    1262 |     177 |  12.3 |      46 |      61 |  57.0
        D:6 |    1308 |     683 |  34.3 |      19 |       2 |   9.5
        D:7 |    1303 |    4729 |  78.4 |      34 |      66 |  66.0
        D:8 |    1115 |     424 |  27.6 |      29 |       1 |   3.3
        D:9 |    1150 |     837 |  42.1 |      23 |       7 |  23.3
       D:10 |    3038 |    2362 |  43.7 |      38 |      16 |  29.6
       D:11 |    3787 |       0 |   0.0 |      31 |       0 |   0.0
       D:12 |    6224 |       0 |   0.0 |      18 |       0 |   0.0
       D:13 |     821 |    1122 |  57.7 |       7 |       2 |  22.2
    Ossuary |       0 |     425 | 100.0 |       0 |      37 | 100.0
            +---------+---------+-------+---------+---------+-------
